 Dungeon Crawl Stone Soup version 0.31-a0-1074-g0b22e4e0f1 (webtiles) character file.

Game seed: 10965244252774664015

78 BigPumpCobain the Ruffian (level 4, -2/35 HPs)
             Began as a Draconian Shapeshifter on Dec 6, 2023.
             Killed by nerve-wracking pain
             ... invoked by Grinder
              (8 damage)
             ... on level 4 of the Dungeon.
             The game lasted 00:02:50 (1474 turns).

BigPumpCobain the Ruffian (Draconian Shapeshifter)  Turns: 1474, Time: 00:02:50

Health: -2/35      AC:  5    Str: 18    XL:     4   Next: 15%
Magic:  4/4        EV: 12    Int: 11    God:
Gold:   147        SH:  0    Dex: 10    Spells: 3/3 levels left

rFire   . .          .
                       - Unarmed
rCold   . . .        (no shield)
rNeg    . . .        (body armour unavailable)
rPois   .            (helmet currently unavailable)
rElec   .            (cloak currently unavailable)
rCorr   .            (gloves currently unavailable)
SInv    .            (boots currently unavailable)
Will    .....        (no amulet)
Stlth   +            (no ring)
HPRegen 0.25/turn    (no ring)
MPRegen 0.09/turn

%: no passive effects
@: beast-form
A: beast (slay +1), AC +5, unfitting armour, cold-blooded
a: Begin Untransformation


You were on level 4 of the Dungeon.
You were a hulking beast.
You visited 1 branch of the dungeon, and saw 3 of its levels.

You collected 147 gold pieces.

Inventory:

Hand Weapons
 g - a +0 vampiric short sword
Missiles
 f - 6 datura-tipped darts
Talismans
 b - a beast talisman
 c - a flux talisman
Scrolls
 e - 3 scrolls of identify
Potions
 a - a potion of lignification
 d - 2 potions of curing
 h - 2 potions of invisibility {unknown}


   Skills:
 - Level 1.1 Fighting
 - Level 1.7 Dodging
 + Level 5.0 Unarmed Combat
 - Level 3.0 Shapeshifting


You had 3 spell levels left.
You didn't know any spells.
Your spell library was empty.

Dungeon Overview and Level Annotations

Branches:
Dungeon (2/15)

Altars:

Shops:
D:1 [

Annotations:
D:4 Grinder


Innate Abilities, Weirdness & Mutations

You are a hulking beast.
Your limbs bulge with bestial killing power. (Slay +1)
Your plain brown scales are hard. (AC +5)
You cannot fit into any form of body armour.
You are cold-blooded and may be slowed by cold attacks.


Message History

Unknown command.
You now have 147 gold pieces (gained 9).
Found a robe.
Found a stone staircase leading down.
A goblin comes into view. It is wielding a +0 club.
The goblin shouts!
There is a stone staircase leading down here.
The goblin hits you with a +0 club.
Grinder comes into view.
You barely miss the goblin.
Grinder shouts!
You tail-slap the goblin.
You kill the goblin!
Grinder says, "Just stop there for a second..."
Things that are here:
a +0 club; a goblin corpse Grinder hits you but does no damage.
You hit Grinder but do no damage. You closely miss Grinder. Grinder hits you.
You writhe in agony.
Grinder is nearby!
You barely miss Grinder. Grinder hits you!
You punch Grinder!
Your tail-slap misses Grinder.
Grinder is moderately wounded.
Grinder barely misses you.
You hit Grinder.
Grinder is moderately wounded.
Grinder closely misses you.
You hit Grinder.
Grinder is moderately wounded.
Grinder hits you.
You writhe in agony.
You closely miss Grinder.
Grinder is moderately wounded.
Grinder hits you.
* * * LOW HITPOINT WARNING * * *
You hit Grinder.
Grinder is heavily wounded.
Grinder gestures at you. Pain shoots through your body!
You die...
Grinder says, "Now the real fun starts!"

....# #
...# .#
...###.##
##.......#
#........#
+........+
##..5.....#
# #...h# #.
#.##.#
#..#...)#
#....#..#
#.##.#..#
#....#
#####>#
..##.#
#.##.#


You could see Grinder.

Vanquished Creatures
  2 adders (D:2)
  A gnoll (D:1)
  A worm (D:2)
  A dart slug (D:1)
  2 bats (D:1)
  5 endoplasms
  2 giant cockroaches
  4 goblins
  4 hobgoblins (D:1)
  4 jackals (D:2)
  2 kobolds (D:2)
  2 quokkas (D:1)
  2 ball pythons (D:1)
  7 frilled lizards
  A rat (D:2)
40 creatures vanquished.

Notes
Turn   | Place    | Note
-------+----------+-------------------------------------------
     0 | D:1      | BigPumpCobain the Draconian Shapeshifter began the quest
                  | for the Orb.
     0 | D:1      | Reached XP level 1. HP: 16/16 MP: 1/1
   119 | D:1      | Reached XP level 2. HP: 17/23 MP: 2/2
   357 | D:1      | Reached skill level 4 in Unarmed Combat
   419 | D:1      | Found Iwiyczin's Armour Boutique.
   441 | D:1      | Reached XP level 3. HP: 28/28 MP: 3/3
  1230 | D:2      | Reached XP level 4. HP: 35/35 MP: 4/4
  1352 | D:2      | Reached skill level 5 in Unarmed Combat
  1438 | D:2      | You fall into a shaft and drop 2 floors!
  1462 | D:4      | Noticed Grinder
  1474 | D:4      | Killed from afar by Grinder

Illustrated notes

Levels and vault maps discovered:
D:1:      enne_arrival_octagon_isle, layout_basic, serial_shops, shop,
          minmay_tromino_v4_c
D:2:      layout_loops_corners, columned_hall_lemuel
D:4:      layout_basic, gammafunk_temple_of_torment, grunt_dithmenos_smoke,
          minmay_temple_entry_butterflies, uniq_grinder

Skill      XL: |  1  2  3  4 |
---------------+-------------+-----
Unarmed Combat | 4 5 |  5.0
Fighting       | |  1.1
Dodging        | |  1.7
Shapeshifting  | |  3.0

Action                     |  1- 3 |  4- 6 || total
---------------------------+-------+-------++-------
  Melee: Unarmed           |    83 |    24 ||   107
         Tailslap          |     8 |     1 ||     9
         Punch             |     1 |     1 ||     2
         Short sword       |    29 |       ||    29
    Use: Scroll            |     1 |       ||     1
   Stab: Sleeping          |       |     1 ||     1
 Armour: Skin              |    60 |     9 ||    69
  Dodge: Dodged            |    88 |     8 ||    96

Table legend: (Time is in decaauts)
 A = Elapsed time spent in this place.
 B = Non-inter-level travel time spent in this place.
 C = Inter-level travel time spent in this place.
 D = Time resting spent in this place.
 E = Time spent auto-exploring this place.
 F = Levels seen in this place.
 G = Mean time per level.
                   A        B        C        D        E       F      G
               +--------+--------+--------+--------+--------+-----+--------+
         Total |   1466 |   1315 |    151 |      0 |   1069 |   3 |  488.7 |
       Dungeon |   1466 |   1315 |    151 |      0 |   1069 |   3 |  488.7 |
               +--------+--------+--------+--------+--------+-----+--------+

Top non-repeatable levels by time:
     D:1: 979 daAuts
     D:2: 452 daAuts
     D:4: 35 daAuts
